 Dungeon Crawl Stone Soup version 0.18.1-50-g88ac8fd (webtiles) character file.

32090 hurricos the Destroyer (level 13, -3/60 HPs)
             Began as a Tengu Wizard on Oct 16, 2016.
             Was an Elder of Makhleb.
             Slain by a basilisk (10 damage)
             ... on level 13 of the Dungeon.
             The game lasted 00:32:56 (19819 turns).

hurricos the Destroyer (Tengu Wizard)              Turns: 19819, Time: 00:32:57

Health: -3/60      AC:  9    Str: 12      XL:     13   Next: 62%
Magic:  21/33      EV: 18    Int: 21 (22) God:    Makhleb [****..]
Gold:   978        SH:  0    Dex: 12      Spells: 9 memorised, 0 levels left

rFire  + + .     SeeInvis .     s - staff of conjuration
rCold  x . .     Gourm    +     N - +3 robe of Spite {rF+ rN+ Str+4}
rNeg   + . .     Faith    .     (no shield)
rPois  .         Spirit   .     b - +1 hat
rElec  .         Dismiss  .     t - +0 cloak
rCorr  .         Reflect  .     (no gloves)
SustAt .         Harm     .     (boots unavailable)
MR     .....                    O - amulet of the gourmand
Stlth  +++.......               d - ring of fire
                                R - ring of magical power

@: very slightly contaminated, repel missiles, not resistant to hostile
enchantments, fairly stealthy
A: beak, horns 2, talons 3, yellow scales 1, clumsy 1, deterioration 1, frail 2,
regeneration 1, able to fly 1
a: Fly, Minor Destruction, Lesser Servant of Makhleb, Major Destruction,
Renounce Religion


You were on level 13 of the Dungeon.
You worshipped Makhleb.
Makhleb was greatly pleased with you.
You were very full.

You visited 2 branches of the dungeon, and saw 14 of its levels.
You also visited: Bailey.

You collected 978 gold pieces.

Inventory:

Hand Weapons
 a - the +9 mace of the Original Sin {elec, Str+2 Stlth+}
   (You found it on level 5 of the Dungeon)

   Occasionally, upon striking a foe, it will discharge some electrical energy
   and cause terrible harm.
   It affects your strength (+2).
   It makes you more stealthy.
 w - a +1 whip of pain
Armour
 b - a +1 hat (worn)
 t - a +0 cloak (worn)
 N - the +3 robe of Spite (worn) {rF+ rN+ Str+4}
   (You found it on level 9 of the Dungeon)

   It affects your strength (+4).
   It protects you from fire.
   It protects you from negative energy.
Magical Staves
 s - an uncursed staff of conjuration (weapon)
 z - an uncursed staff of summoning
 Z - an uncursed staff of fire
Jewellery
 d - a ring of fire (right hand)
 e - an uncursed amulet of dismissal
 m - a +2 ring of intelligence
 A - an uncursed ring of poison resistance
 O - an amulet of the gourmand (around neck)
 R - a ring of magical power (left hand)
Wands
 g - a wand of lightning (11/15)
 i - a wand of teleportation (2/9)
 j - a wand of acid (0/15)
 k - a wand of digging (4/24)
 r - a wand of enslavement (12/24)
 x - a wand of flame (15/48)
 E - a wand of flame (23/48)
 H - a wand of slowing (30/48)
 L - a wand of disintegration (10/24)
 P - a wand of digging (19/24)
 Q - a wand of random effects (21/48)
 V - a wand of disintegration (9/24)
 W - a wand of acid (1/15)
Scrolls
 f - 4 scrolls of enchant armour
 h - 4 scrolls of remove curse
 n - a scroll of blinking
 o - 5 scrolls of magic mapping
 p - 3 scrolls of recharging
 u - a scroll of fog
 v - 5 scrolls of teleportation
 J - a scroll of identify
 K - 2 scrolls of enchant weapon
 Y - a scroll of vulnerability {unknown}
Potions
 q - 7 potions of curing
 y - a potion of ambrosia
 C - 3 potions of heal wounds
 F - 3 potions of resistance
 M - a potion of agility
Books
 c - a book of Minor Magic

   Spells                             Type                      Level
   a - Magic Dart                     Conjuration                  1
   b - Blink                          Translocation                2
   c - Call Imp                       Summoning                    2
   d - Repel Missiles                 Charms/Air                   2
   e - Slow                           Hexes                        2
   f - Conjure Flame                  Conjuration/Fire             3
   g - Mephitic Cloud                 Conjuration/Poison/Air       3
 l - Gaebearo's Compendium of Malediction and Boosts
   (You found it on level 12 of the Dungeon)

   Spells                             Type                      Level
   a - Slow                           Hexes                        2
   b - Ozocubu's Armour               Charms/Ice                   3
   c - Confuse                        Hexes                        3
   d - Yara's Violent Unravelling     Hexes/Transmutation          5
   e - Deflect Missiles               Charms/Air                   6
 I - a book of Fire

   Spells                             Type                      Level
   a - Ignite Poison                  Fire/Transmutation/Poison    3
   b - Fireball                       Conjuration/Fire             5
   c - Bolt of Fire                   Conjuration/Fire             6
   d - Delayed Fireball               Conjuration/Fire             7
   e - Ring of Flames                 Charms/Fire                  7
 S - a Fen Folio

   Spells                             Type                      Level
   a - Corpse Rot                     Necromancy                   2
   b - Stone Arrow                    Conjuration/Earth            3
   c - Leda's Liquefaction            Hexes/Earth                  4
   d - Summon Forest                  Summoning/Translocation      5
   e - Hydra Form                     Transmutation                6
   f - Summon Hydra                   Summoning                    7
 U - a book of Frost

   Spells                             Type                      Level
   a - Freeze                         Ice                          1
   b - Throw Frost                    Conjuration/Ice              2
   c - Ozocubu's Armour               Charms/Ice                   3
   d - Throw Icicle                   Conjuration/Ice              4
   e - Summon Ice Beast               Ice/Summoning                4
 X - a book of Flames

   Spells                             Type                      Level
   a - Flame Tongue                   Conjuration/Fire             1
   b - Throw Flame                    Conjuration/Fire             2
   c - Conjure Flame                  Conjuration/Fire             3
   d - Inner Flame                    Hexes/Fire                   3
   e - Sticky Flame                   Conjuration/Fire             4
   f - Fireball                       Conjuration/Fire             5
Comestibles
 B - 3 bread rations
 D - 4 chunks of flesh
 G - 11 royal jellies
 T - a slice of pizza


   Skills:
 - Level 7.2 Fighting
 - Level 11.0 Maces & Flails
 - Level 11.4 Dodging
 - Level 5.0 Stealth
 - Level 6.9 Spellcasting
 - Level 13.2 Conjurations
 - Level 1.2 Summonings
 - Level 0.7 Translocations
 * Level 7.7 Fire Magic
 - Level 8.5 Air Magic
 - Level 2.5 Poison Magic


You couldn't memorise any spells.
You knew the following spells:

 Your Spells              Type           Power        Failure   Level  Hunger
a - Magic Dart            Conj           ####         1%          1    None
b - Blink                 Tloc           N/A          12%         2    None
c - Call Imp              Summ           ##......     12%         2    None
d - Sticky Flame          Conj/Fire      #######.     1%          4    ###....
e - Fireball              Conj/Fire      #######...   3%          5    #####..
f - Ignite Poison         Fire/Trmt/Pois ####....     10%         3    #......
g - Conjure Flame         Conj/Fire      #######.     1%          3    #......
k - Repel Missiles        Chrm/Air       ####..       1%          2    None
E - Mephitic Cloud        Conj/Pois/Air  ######..     1%          3    #......


Dungeon Overview and Level Annotations

Branches:
Dungeon (13/15)            Temple (1/1) D:7            Lair (0/8) D:9
    Orc (0/2) D:12
 Vaults: D:13-14

Altars:
Elyvilon
Fedhas
Gozag
Kikubaaqudgha
Makhleb
Nemelex Xobeh
Sif Muna
Xom
Zin

Shops:
D:6 }

Annotations:
D:3 turtwig's ghost, amateur HEHu
D:5 Edmund


Innate Abilities, Weirdness & Mutations

You have a beak for a mouth.
You have claws for feet.
You can fly.
You have a pair of horns on your head.
You are partially covered in yellow scales (AC +2).
You are clumsy. (Dex -2)
Your body sometimes deteriorates upon taking damage.
You are very frail (-20% HP).
Your natural rate of healing is unusually fast.


Message History

The basilisk bites you!
* * * LOW HITPOINT WARNING * * *
The centaur warrior shoots an arrow.
The arrow is repelled.
The basilisk bites you.
* * * LOW HITPOINT WARNING * * *
The basilisk gazes at you.
The centaur warrior shoots an arrow.
The arrow hits you!
* * * LOW HITPOINT WARNING * * *
The basilisk bites you but does no damage.
The centaur warrior shoots an arrow.
The arrow is repelled.
The basilisk bites you.
* * * LOW HITPOINT WARNING * * *
You turn to flesh and can move again.
Unknown command.
Unknown command.
Unknown command.
Drink which item? (? for menu, Esc to quit)
Okay, then.
The basilisk bites you!
You die...

#..)...................
...........(...........
#...#.###..##........#
###.#.###.###........#
#..[...#..#..........#
#..<)....##.##.......#
#..)........##((.....#
##..............(....######
####..####$....@l........### .
#''# #...#.#.>c........# .
...... #.....#.#.....<[..####.
.......##.....#)#..............
##)###..##.........#.##.#.......
.# ..##....##.#...##......... ..
..##.......รท%##..##....... ..
..##..#.##...##>.##....... ## #
##....##.......$.


You could see a centaur warrior and a basilisk.

Vanquished Creatures
  The ghost of Elystan the Blocker, a journeyman FoFi of the Shining One (D:11)
  An ogre mage (D:13)
  A hydra (D:13)
  A death knight (D:11)
  2 phantasmal warriors (D:11)
  6 hill giants
  4 orc knights (Bailey)
  An ugly thing (D:11)
  A wolf spider zombie (D:11)
  A griffon (D:11)
  A cyclops (D:12)
  2 manticores
  2 gargoyles
  2 komodo dragons (D:12)
  A freezing wraith (D:11)
  3 two-headed ogres
  Grinder (D:3)
  3 trolls
  A harpy skeleton (D:13)
  21 yaks
  A shadow (D:12)
  3 wraiths
  2 hungry ghosts (D:12)
  3 wyverns
  4 hippogriffs
  A golden eye (shapeshifter) (D:13)
  A basilisk (D:12)
  A vampire mosquito (D:12)
  A steam dragon (D:10)
  An ice beast (D:9)
  14 orc warriors
  5 sky beasts
  A wasp (D:11)
  2 black bears
  2 necrophages
  7 ogres
  3 centaurs
  6 big kobolds
  13 giant frogs
  A gnoll sergeant (D:7)
  7 scorpions
  2 killer bees
  14 wights
  2 giant frog zombies
  10 crimson imps
  A centaur zombie (D:6)
  5 quasits
  8 hounds
  4 jellies
  19 orc wizards
  2 centaur skeletons
  10 orc priests
  A gnoll shaman (D:5)
  Crazy Yiuf (D:5)
  7 iguanas
  17 worker ants
  3 worker ant zombies
  19 gnolls
  11 adders
  5 shadow imps
  5 oozes (D:8)
  2 adder skeletons (D:9)
  2 adder zombies
  4 dart slugs
  10 giant geckos
  85 orcs
  2 ball pythons
  6 bats
  6 giant cockroaches
  10 goblins
  3 hobgoblins
  15 jackals
  28 kobolds
  A giant cockroach zombie (D:5)
  7 giant newts
  A jackal skeleton (D:7)
  A jackal zombie (D:8)
  A quokka skeleton (D:8)
  A quokka zombie (D:5)
  3 rats
  6 plants (D:12)
475 creatures vanquished.

Vanquished Creatures (collateral kills)
  Prince Ribbit (D:5)
  Sigmund (D:5)
  An ogre (D:4)
  2 orc wizards (D:4)
  A gnoll (D:5)
  An orc (D:4)
7 creatures vanquished.

Vanquished Creatures (others)
  A plant (D:12)
1 creature vanquished.

Grand Total: 483 creatures vanquished

Notes
Turn   | Place    | Note
--------------------------------------------------------------
     0 | D:1      | hurricos the Tengu Wizard began the quest for the Orb.
     0 | D:1      | Reached XP level 1. HP: 10/10 MP: 5/5
   102 | D:1      | Reached skill level 2 in Conjurations
   226 | D:1      | Reached XP level 2. HP: 15/15 MP: 1/7
   478 | D:1      | Learned a level 2 spell: Blink
   481 | D:1      | Learned a level 2 spell: Repel Missiles
   763 | D:1      | Reached XP level 3. HP: 19/19 MP: 5/8
   787 | D:1      | Reached skill level 3 in Conjurations
  1074 | D:1      | Learned a level 3 spell: Mephitic Cloud
  1118 | D:2      | Found an opulent altar of Gozag.
  1634 | D:2      | Reached skill level 1 in Air Magic
  1634 | D:2      | Reached XP level 4. HP: 22/24 MP: 6/10
  1669 | D:2      | Found a faded altar to an unknown god.
  1862 | D:3      | Noticed Grinder
  1994 | D:2      | Reached skill level 1 in Poison Magic
  2030 | D:3      | Reached skill level 4 in Conjurations
  2030 | D:3      | Gained mutation: You can fly. [Tengu growth]
  2030 | D:3      | Reached XP level 5. HP: 28/28 MP: 2/11
  2387 | D:3      | Paralysed by Grinder for 4 turns
  2444 | D:3      | Paralysed by Grinder for 3 turns
  2472 | D:3      | Paralysed by Grinder for 4 turns
  2512 | D:3      | Paralysed by Grinder for 5 turns
  2520 | D:3      | Gained mutation: Your flesh is cold resistant. [potion of mutation]
  2520 | D:3      | Gained mutation: Your magical capacity is low (-10% MP). [potion of mutation]
  2520 | D:3      | Gained mutation: You are frail (-10% HP). [potion of mutation]
  2526 | D:3      | Killed Grinder
  2526 | D:3      | Reached skill level 5 in Conjurations
  2526 | D:3      | Reached XP level 6. HP: 26/28 MP: 0/12
  2881 | D:3      | Noticed turtwig's ghost (amateur HEHu)
  2895 | D:3      | Learned a level 3 spell: Conjure Flame
  3123 | D:3      | Learned a level 2 spell: Call Imp
  3595 | D:4      | Reached skill level 6 in Conjurations
  3683 | D:4      | Reached XP level 7. HP: 32/32 MP: 4/13
  4018 | D:4      | Found an ancient bone altar of Kikubaaqudgha.
  4155 | D:5      | Entered Level 5 of the Dungeon
  4365 | D:5      | Noticed Prince Ribbit
  4539 | D:5      | Killed Prince Ribbit
  4539 | D:5      | Reached skill level 7 in Conjurations
  4950 | D:5      | Reached XP level 8. HP: 34/36 MP: 3/14
  5716 | D:5      | Reached skill level 5 in Spellcasting
  5716 | D:5      | Reached skill level 8 in Conjurations
  5826 | D:5      | Noticed Crazy Yiuf
  5834 | D:5      | Killed Crazy Yiuf
  5840 | D:5      | Got a faintly glowing mace
  5852 | D:5      | Identified the +9 mace of the Original Sin {elec, Str+2 Stlth+} (You found it on level 5 of the Dungeon)
  5903 | D:5      | Reached skill level 5 in Air Magic
  6072 | D:5      | Noticed Sigmund
  6086 | D:5      | Killed Sigmund
  6269 | D:5      | Reached skill level 9 in Conjurations
  6285 | D:5      | Noticed Edmund
  6846 | D:6      | Reached XP level 9. HP: 29/40 MP: 16/16
  6921 | D:6      | Found Alisaeg's Gadget Emporium.
  7536 | D:6      | Reached skill level 10 in Conjurations
  7655 | D:6      | Gained mutation: You are partially covered in yellow scales (AC +2). [potion of mutation]
  7655 | D:6      | Lost mutation: Your flesh is cold resistant. [potion of mutation]
  7655 | D:6      | Gained mutation: Your spells are a little easier to cast, but a little less powerful. [potion of mutation]
  7754 | D:7      | Reached skill level 5 in Dodging
  7961 | D:7      | Found a staircase to the Ecumenical Temple.
  8213 | D:7      | Reached skill level 1 in Maces & Flails
  9617 | D:8      | Reached XP level 10. HP: 45/45 MP: 12/18
  9649 | D:8      | Reached skill level 5 in Maces & Flails
 10375 | D:9      | Found a flagged portal.
 10611 | Bailey   | Entered a bailey
 10908 | Bailey   | Learned a level 3 spell: Ignite Poison
 11149 | Bailey   | Reached skill level 11 in Conjurations
 11149 | Bailey   | Reached XP level 11. HP: 57/57 MP: 19/19
 11349 | Bailey   | Reached skill level 10 in Dodging
 11564 | Bailey   | Noticed an orc knight
 11589 | Bailey   | Killed an orc knight
 11686 | Bailey   | Noticed an orc knight
 11722 | Bailey   | Killed an orc knight
 11729 | Bailey   | Noticed an orc knight
 11757 | Bailey   | Noticed an orc knight
 11761 | Bailey   | Killed an orc knight
 11780 | Bailey   | Killed an orc knight
 12886 | D:9      | Found a staircase to the Lair.
 13041 | D:9      | Reached XP level 12. HP: 44/63 MP: 16/19
 13325 | D:9      | Reached skill level 10 in Maces & Flails
 13375 | D:9      | Got a smoking robe
 13386 | D:9      | Identified the +3 robe of Spite {rF+ rN+ Str+4} (You found it on level 9 of the Dungeon)
 13549 | D:10     | Entered Level 10 of the Dungeon
 13983 | Temple   | Entered the Ecumenical Temple
 13997 | Temple   | Became a worshipper of Makhleb the Destroyer
 14136 | D:10     | Gained mutation: Your body sometimes deteriorates upon taking damage. [mutagenic meat]
 14137 | D:10     | Lost mutation: Your spells are a little easier to cast, but a little less powerful. [mutagenic meat]
 14138 | D:10     | Gained mutation: You have a pair of small horns on your head. [mutagenic meat]
 14139 | D:10     | Gained mutation: Your natural rate of healing is unusually fast. [mutagenic meat]
 14389 | D:10     | Reached * piety under Makhleb
 14880 | D:11     | Noticed a seven-headed hydra
 15203 | D:11     | Noticed Elystan's ghost (journeyman FoFi)
 15232 | D:11     | Killed Elystan's ghost
 15232 | D:11     | Reached skill level 12 in Conjurations
 15254 | D:11     | Reached ** piety under Makhleb
 15446 | D:11     | Noticed a death knight
 15485 | D:11     | Found a white marble altar of Elyvilon.
 15548 | D:11     | HP: 1/63 [troll (5)]
 15731 | D:11     | Reached *** piety under Makhleb
 16103 | D:11     | Killed a death knight
 16318 | D:11     | Lost mutation: Your magical capacity is low (-10% MP). [mutagenic meat]
 16319 | D:11     | Gained mutation: You are very frail (-20% HP). [mutagenic meat]
 16320 | D:11     | Gained mutation: You have a pair of horns on your head. [mutagenic meat]
 16322 | D:11     | Gained mutation: You are clumsy. (Dex -2) [mutagenic meat]
 16454 | D:12     | Reached XP level 13. HP: 25/60 MP: 24/24
 16617 | D:12     | Reached skill level 13 in Conjurations
 17033 | D:12     | Reached skill level 5 in Stealth
 17041 | D:12     | Learned a level 5 spell: Fireball
 17063 | D:12     | Learned a level 4 spell: Sticky Flame
 17095 | D:12     | Reached skill level 1 in Fire Magic
 17128 | D:12     | Got a faintly glowing long sword
 17129 | D:12     | Identified the cursed +3 long sword of the Middle {freeze, +Blink rF+ Str-4} (You found it on level 12 of the Dungeon)
 17501 | D:12     | Got a polished rapier
 17502 | D:12     | Identified the +10 rapier "Bohyne" {pierce, Str+5} (You found it on level 12 of the Dungeon)
 17603 | D:12     | Identified Gaebearo's Compendium of Malediction and Boosts (You found it on level 12 of the Dungeon)
 17695 | D:12     | Found a staircase to the Orcish Mines.
 18101 | D:12     | Reached **** piety under Makhleb
 18800 | D:13     | Noticed an ogre mage
 18800 | D:13     | Reached skill level 5 in Fire Magic
 18807 | D:13     | Killed an ogre mage
 19819 | D:13     | Slain by a basilisk

Skill      XL: |  1  2  3  4  5  6  7  8  9 10 11 12 13 |
---------------+----------------------------------------+-----
Conjurations   | 2 3 4 5 6 7 9 10 11 12 13 | 13.2
Air Magic      | 1 3 4 5 6 8 |  8.5
Poison Magic   | 1 2 |  2.5
Spellcasting   | 4 5 6 |  6.9
Dodging        | 3 4 7 9 11 | 11.4
Maces & Flails | 4 8 9 10 11 | 11.0
Fighting       | 6 7 |  7.2
Stealth        | 4 5 |  5.0
Fire Magic     | 7 |  7.7
Summonings     | |  1.2
Translocations | |  0.7

Action                   |  1- 3 |  4- 6 |  7- 9 | 10-12 | 13-15 || total
-------------------------+-------+-------+-------+-------+-------++-------
Melee: Unarmed           |     2 |       |       |       |       ||     2
       Kick              |     5 |     3 |    36 |   101 |    22 ||   167
       Dagger            |    16 |    19 |    20 |       |       ||    55
       Peck              |     2 |     1 |    25 |    70 |    11 ||   109
       Whip              |     7 |       |       |       |       ||     7
       Mace              |       |       |   172 |   498 |    77 ||   747
       Headbutt          |       |       |       |    44 |    12 ||    56
       Staff             |       |       |       |       |     6 ||     6
 Cast: Magic Dart        |    81 |    95 |   189 |   143 |    97 ||   605
       Repel Missiles    |     1 |       |     2 |     1 |       ||     4
       Mephitic Cloud    |       |     3 |    30 |    57 |    11 ||   101
       Call Imp          |       |     2 |    13 |     4 |       ||    19
       Blink             |       |     1 |     6 |     9 |     2 ||    18
       Conjure Flame     |       |     1 |     2 |     2 |       ||     5
       Ignite Poison     |       |       |       |    12 |     3 ||    15
       Fireball          |       |       |       |       |    35 ||    35
       Sticky Flame      |       |       |       |       |    26 ||    26
 Abil: Fly               |       |       |     6 |     5 |     9 ||    20
Evoke: Wand              |       |       |       |     3 |     4 ||     7
  Use: Potion            |       |     6 |     7 |    11 |     2 ||    26
       Scroll            |       |       |     2 |    11 |     4 ||    17
 Stab: Confused          |       |     2 |     5 |    12 |       ||    19
       Sleeping          |       |       |     2 |    11 |     1 ||    14
       Distracted        |       |       |     1 |     2 |       ||     3
  Eat: Chunk             |     2 |     1 |     7 |    20 |    16 ||    46
       Bread ration      |       |     1 |       |     2 |     3 ||     6
       Fruit             |       |     1 |     1 |       |     2 ||     4
       Meat ration       |       |       |     2 |     1 |     1 ||     4
       Royal jelly       |       |       |     2 |       |       ||     2
       Beef jerky        |       |       |       |     1 |       ||     1
Armor: Robe              |     6 |    24 |    43 |    81 |    37 ||   191
       Skin              |       |       |       |     7 |       ||     7
Dodge: Dodged            |    18 |    30 |   185 |   427 |   158 ||   818
       Deflected         |     1 |       |     3 |     6 |     5 ||    15
